 Dungeon Crawl Stone Soup version 0.21-a0-286-g6fcecc0 (webtiles) character file.

2213 KristoblXynda the Cudgeler (level 9, 0/61 HPs)
             Began as a Demonspawn Gladiator on Sept 27, 2017.
             Was a Believer of Makhleb.
             Incinerated by p0werm0de's ghost (3 damage)
             ... with a sticky flame
             ... on level 6 of the Dungeon.
             The game lasted 00:13:26 (5203 turns).

KristoblXynda the Cudgeler (Demonspawn Gladiator)   Turns: 5203, Time: 00:13:27

Health: 0/61       AC:  7    Str: 20    XL:     9   Next: 13%
Magic:  0/12       EV: 20    Int: 13    God:    Makhleb [**....]
Gold:   310        SH:  8    Dex: 21    Spells: 8/8 levels left

rFire    + . .     SeeInvis .   a - +0 flail
rCold    + + .     Gourm    .   m - +2 buckler
rNeg     . . .     Faith    .   i - +1 leather armour {rC+}
rPois    +         Spirit   +   c - +0 helmet
rElec    +         Reflect  .   q - +0 cloak {MR+}
rCorr    +         Harm     .   (no gloves)
MR       +....                  (no boots)
Stlth    +.........             (no amulet)
HPRegen  2.20/turn              n - +3 ring of strength
MPRegen  0.13/turn              (no ring)

@: agile, lethally poisoned (0 -> 0), liquid flames, resistant, glowing
A: claws 1, hooves 1, thin skeletal structure 1, clever 1, powered by death 2,
magic shield
a: Minor Destruction, Renounce Religion


You were on level 6 of the Dungeon.
You worshipped Makhleb.
Makhleb was pleased with you.
You were hungry.

You visited 2 branches of the dungeon, and saw 7 of its levels.
You also visited: Sewer.

You collected 310 gold pieces.

Inventory:

Hand Weapons
 a - a +0 flail (weapon)
Missiles
 d - 3 throwing nets (quivered)
Armour
 c - a +0 helmet (worn)
 i - a +1 leather armour of cold resistance (worn)
 m - a +2 buckler (worn)
 q - a +0 cloak of magic resistance (worn)
Jewellery
 n - a +3 ring of strength (left claw)
Wands
 e - a wand of digging (4/24)
 o - a wand of lightning (5/15)
Scrolls
 j - 2 scrolls of amnesia
 l - 2 scrolls of remove curse
 r - a scroll of fog
Potions
 p - 2 potions of magic
Comestibles
 f - 2 bread rations
 g - a meat ration
 k - 2 royal jellies


   Skills:
 - Level 2.0 Fighting
 + Level 7.0 Maces & Flails
 - Level 2.0 Throwing
 + Level 5.6 Armour
 - Level 4.5 Dodging
 - Level 4.1 Shields
 + Level 4.9 Invocations


You had 8 spell levels left.
You didn't know any spells.

Dungeon Overview and Level Annotations

Branches:
Dungeon (6/15)             Temple (1/1) D:5

Altars:
Ashenzari
Cheibriados
Dithmenos
Elyvilon
Fedhas
Gozag
Hepliaklqana
Kikubaaqudgha
Makhleb
Nemelex Xobeh
Okawaru
Qazlal
Ru
Sif Muna
Trog
Uskayaw
Vehumet
Wu Jian
Xom
Yredelemnul
Zin
The Shining One

Shops:
D:5 }


Innate Abilities, Weirdness & Mutations

You have sharp fingernails.
You have a somewhat thin skeletal structure. (Dex +2, Stealth)
You regenerate health from kills.
When hurt, damage is shared between your health and your magic reserves.
You have large cloven feet.
Your mind is acute. (Int +2)


Message History

Makhleb accepts your kill.
Your Maces & Flails skill increases to level 7!
You have reached level 9!
Your experience leads to an increase in your attributes!
Your base attributes are Str 16, Int 11, Dex 14.
Increase (S)trength, (I)ntelligence, or (D)exterity?
You feel stronger.
Your demonic ancestry asserts itself...
Your bones become slightly less dense.
Evoking this partially-identified wand wasted a few charges.
You are covered in liquid flames!
* * * LOW HITPOINT WARNING * * *
You hear a bark!
You hear an angry hiss.
You hear a shout! x3
You are on fire!
Unknown command.
You are on fire!
You are on fire!
You are on fire!
Unknown command.
You are covered in liquid flames!
You die...

.........................
.........##.........W...#
........####..).........#
.......## #......$......
.####.## ##............
#.## ##........... #..#
#...###.$#.##
##.######.#..# .## #
#..#....<##@# ##
##.#.######.# #...# #.#
#..## #.. #### ##. .. ..
#..


There were no monsters in sight!

Vanquished Creatures
  The ghost of p0werm0de the Conjurer, a novice DsFE of Makhleb (D:6)
  Sigmund (D:5)
  Eustachio (D:5)
  Menkaure (D:5)
  The ghost of Hasart the Gusty, an amateur TeAE (Sewer)
  A black bear (D:5)
  Duvessa (D:5)
  3 ogres
  2 centaurs (D:6)
  A crocodile (Sewer)
  A bullfrog (D:5)
  Dowan (D:5)
  A howler monkey (D:4)
  A bullfrog zombie (D:5)
  4 hounds
  An orc wizard (D:3)
  An orc priest (D:3)
  Crazy Yiuf (D:2)
  A centaur skeleton (D:4)
  Jessica (D:2)
  2 worker ants
  Robin (D:2)
  6 adders
  A river rat (D:5)
  A shadow imp (D:4)
  An ooze (D:2)
  4 worms
  A dart slug (D:2)
  4 leopard geckos
  5 orcs
  14 bats
  7 giant cockroaches
  17 goblins
  14 hobgoblins
  2 jackals (D:4)
  9 kobolds
  2 quokkas
  A ball python (D:4)
  6 frilled lizards
  11 rats
135 creatures vanquished.

Notes
Turn   | Place    | Note
-------+----------+-------------------------------------------
     0 | D:1      | KristoblXynda the Demonspawn Gladiator began the quest for the Orb.
     0 | D:1      | Reached XP level 1. HP: 16/16 MP: 1/1
   147 | D:1      | Reached skill level 3 in Maces & Flails
   147 | D:1      | Gained mutation: You regenerate a little health from kills. [demonic ancestry]
   147 | D:1      | Reached XP level 2. HP: 20/22 MP: 2/2
   604 | D:2      | Reached XP level 3. HP: 27/27 MP: 3/3
   632 | D:2      | Noticed Robin
   653 | D:2      | Killed Robin
   653 | D:2      | Reached skill level 1 in Armour
   665 | D:2      | Gained mutation: When hurt, damage is shared between your health and your magic reserves. [demonic ancestry]
   665 | D:2      | Reached XP level 4. HP: 30/33 MP: 4/4
   876 | D:2      | Noticed Jessica
   882 | D:2      | Killed Jessica
   882 | D:2      | Reached skill level 4 in Maces & Flails
   882 | D:2      | Reached XP level 5. HP: 26/38 MP: 2/5
   971 | D:2      | Found a burning altar of Makhleb.
  1020 | D:2      | Became a worshipper of Makhleb the Destroyer
  1240 | D:2      | Found a runed door.
  1244 | D:2      | Noticed Crazy Yiuf
  1250 | D:2      | Killed Crazy Yiuf
  1641 | D:3      | Gained mutation: You have sharp fingernails. [demonic ancestry]
  1641 | D:3      | Reached XP level 6. HP: 36/44 MP: 3/6
  1662 | D:3      | Reached * piety under Makhleb
  2820 | D:4      | Reached skill level 5 in Maces & Flails
  2820 | D:4      | Reached skill level 1 in Shields
  2820 | D:4      | Gained mutation: You regenerate health from kills. [demonic ancestry]
  2820 | D:4      | Reached XP level 7. HP: 27/50 MP: 3/7
  3064 | D:5      | Entered Level 5 of the Dungeon
  3227 | D:5      | Noticed Sigmund
  3241 | D:5      | Killed Sigmund
  3321 | D:5      | Noticed Eustachio
  3378 | D:5      | Killed Eustachio
  3378 | D:5      | Reached XP level 8. HP: 50/56 MP: 4/8
  3409 | D:5      | Found Rythroptey's Gadget Shoppe.
  3418 | D:5      | Noticed Dowan
  3424 | D:5      | Noticed Duvessa
  3473 | D:5      | Gained mutation: You have large cloven feet. [potion of mutation]
  3473 | D:5      | Gained mutation: Your mind is acute. (Int +2) [potion of mutation]
  3513 | D:5      | Found a glowing drain.
  3517 | Sewer    | Entered a sewer
  3570 | Sewer    | Noticed Hasart's ghost (amateur TeAE)
  3580 | Sewer    | Killed Hasart's ghost
  3580 | Sewer    | Reached ** piety under Makhleb
  3932 | D:5      | Killed Duvessa
  3932 | D:5      | Reached skill level 6 in Maces & Flails
  3932 | D:5      | Reached skill level 1 in Invocations
  3997 | D:5      | Killed Dowan
  4177 | D:5      | Noticed Menkaure
  4178 | D:5      | Found a staircase to the Ecumenical Temple.
  4188 | D:5      | Killed Menkaure
  4188 | D:5      | Reached skill level 5 in Armour
  4198 | Temple   | Entered the Ecumenical Temple
  4517 | D:5      | Found a sacrificial altar of Ru.
  4741 | D:6      | Noticed p0werm0de's ghost (novice DsFE)
  5201 | D:6      | HP: 2/56 [p0werm0de's ghost/sticky flame (1)]
  5202 | D:6      | Killed p0werm0de's ghost
  5202 | D:6      | Reached skill level 7 in Maces & Flails
  5202 | D:6      | Gained mutation: You have a somewhat thin skeletal structure. (Dex +2, Stealth) [demonic ancestry]
  5202 | D:6      | Reached XP level 9. HP: 2/61 MP: 1/12
  5203 | D:6      | Incinerated by p0werm0de's ghost

Vault maps used:
D:1:      nzn_arrival_depleted_hourglass
D:2:      first_bread, makhleb_blood_cavern_becter, uniq_robin, uniq_jessica,
          uniq_crazy_yiuf_cottage
D:4:      nrook_uturn
D:5:      old_standard_altar, temple_hall, serial_shops, shop,
          gup_sewer_entry_spiral, st_stairs_12, minmay_fountain_box,
          uniq_eustachio, uniq_sigmund, uniq_duvessa, uniq_menkaure
D:6:      led_sif_book
Temple:   nicolae_temple_the_god_donut
Sewer:    sewer_big_baddie

Skill      XL: |  1  2  3  4  5  6  7  8 |
---------------+-------------------------+-----
Throwing       | 2 |  2.0
Maces & Flails | 3 4 5 7 |  7.0
Dodging        | 3 4 |  4.5
Armour         | 1 2 3 4 5 |  5.6
Shields        | 1 3 4 |  4.1
Invocations    | 4 |  4.9
Fighting       | |  2.0

Action                   |  1- 3 |  4- 6 |  7- 9 || total
-------------------------+-------+-------+-------++-------
Melee: Flail             |   107 |   273 |   252 ||   632
       Kick              |       |       |    37 ||    37
Evoke: Wand              |       |       |     2 ||     2
  Use: Scroll            |       |    15 |     8 ||    23
       Potion            |       |     2 |     8 ||    10
 Stab: Sleeping          |     2 |       |       ||     2
  Eat: Chunk             |       |     4 |     3 ||     7
       Fruit             |       |     4 |       ||     4
       Royal jelly       |       |       |     2 ||     2
Armor: Leather armour    |    19 |       |    51 ||    70
       Ring mail         |    12 |   117 |    26 ||   155
       Skin              |       |    11 |       ||    11
Dodge: Dodged            |    72 |   239 |   211 ||   522
Block: Buckler           |       |     1 |   127 ||   128

Table legend:
 A = Spawn XP
 B = Non-spawn XP
 C = Spawn XP percentage of total XP
 D = Spawn monster count
 E = Non-spawn monster count
 F = Spawn count percentage of total count
 G = Total turns spent on level
                    A         B        C        D         E        F      G
               +---------+---------+-------+---------+---------+-------+---------
         Total |       0 |    3162 |   0.0 |       0 |     135 |   0.0 |  5203
               +---------+---------+-------+---------+---------+-------+---------
           D:1 |       0 |      34 |   0.0 |       0 |      20 |   0.0 |   547
           D:2 |       0 |     248 |   0.0 |       0 |      46 |   0.0 |   783
           D:3 |       0 |     160 |   0.0 |       0 |      22 |   0.0 |   805
           D:4 |       0 |     432 |   0.0 |       0 |      13 |   0.0 |   929
           D:5 |       0 |    1355 |   0.0 |       0 |      22 |   0.0 |  1292
           D:6 |       0 |     680 |   0.0 |       0 |       5 |   0.0 |   191
         Sewer |       0 |     253 |   0.0 |       0 |       7 |   0.0 |   408
               +---------+---------+-------+---------+---------+-------+---------
